Map: [ESL] Babylon

Players

Reynor - Winner!

  • Race: Zerg Zerg
  • Spawn Location: 11:00

ByuN

  • Race: Terran Terran
  • Spawn Location: 5:00

Event: ESL SC2 Masters 2023 Summer (Finals)

VOD

Have the link to the VOD?

Description

Time

  • Played on: June 18, 2023, 9:15 a.m.
  • Length: 14:48

All games in this series

Show
View Real Time Build Order
Export as new Build Order

Reynor Zerg - Winner!

Build Orders: Hatch First 

Get SALT Encoding   

  12  0:00  Drone  
  13  0:11  Overlord  
  13  0:16  Drone  
  14  0:30  Drone x2  
  16  0:48  Hatchery  
  15  0:51  Drone  
  15  0:54  Drone  
  17  0:58  Drone  
  18  1:05  Extractor  
  18  1:06  Drone  
  18  1:16  Spawning Pool  
  17  1:20  Drone  
  18  1:27  Drone  
  19  1:37  Drone  
  20  1:48  Overlord  
  20  2:02  Queen  
  20  2:03  Queen, Zergling x4  
  20  2:06  Metabolic Boost  
  26  2:12  Zergling x2  
  26  2:14  Drone  
  28  2:22  Drone x2  
  30  2:23  Evolution Chamber  
  30  2:35  Drone  
  31  2:37  Drone  
  31  2:38  Queen  
  31  2:42  Overlord  
  33  2:44  Zergling x2  
  34  2:53  Zergling x2  
  35  3:01  Drone, Queen  
  35  3:04  Overlord, Drone  
  39  3:10  Drone x2  
  39  3:11  Zergling x2  
  42  3:14  Drone  
  43  3:23  Zergling x2  
  43  3:25  Overlord  
  44  3:30  Drone  
  45  3:35  Hatchery  
  45  3:40  Drone x2  
  44  3:41  Queen  
  44  3:42  Drone  
  44  3:44  Zergling x2  
  44  3:45  Drone  
  44  3:46  Drone  
  44  3:47  Drone  
  49  3:50  Overlord  
  49  3:52  Drone x2  
  51  3:58  Zergling x2  
  51  4:01  Drone  
  51  4:02  Queen  
  55  4:09  Drone  
  56  4:12  Drone x2  
  56  4:13  Overlord  
  56  4:17  Drone  
  58  4:21  Drone x2  
  58  4:23  Queen  
  61  4:25  Drone x2  
  61  4:28  Drone  
  61  4:30  Baneling Nest  
  63  4:34  Drone  
  63  4:35  Overlord  
  64  4:38  Queen  
  64  4:45  Zergling x2  
  67  4:46  Zergling x2  
  67  4:47  Zergling x2  
  67  4:49  Queen  
  71  4:53  Zergling x6  
  71  4:55  Zergling x2  
  71  4:58  Drone x2  
  71  4:59  Queen  
  79  5:06  Overlord  
  79  5:09  Zergling x4  
  79  5:11  Overlord  
  81  5:14  Overlord  
  81  5:15  Extractor, Lair  
  81  5:17  Drone  
  81  5:21  Overlord  
  81  5:24  Drone x2  
  81  5:26  Drone x2, Overlord  
  85  5:29  Drone  
  85  5:30  Zergling x4  
  85  5:31  Zergling x2  
  85  5:32  Drone  
  90  5:38  Drone x2  
  90  5:39  Drone  
  90  5:42  Hatchery  
  92  5:44  Drone x2  
  92  5:47  Drone, Evolution Chamber  
  92  5:48  Extractor, Evolution Chamber  
  92  5:49  Zergling x2  
  92  5:50  Extractor  
  92  5:52  Zergling x2  
  92  5:54  Zergling x2  
  93  5:58  Drone x2, Queen  
  93  5:59  Overlord  
  93  6:02  Zergling x2  
  98  6:04  Drone  
  98  6:08  Drone x3  
  98  6:11  Overlord  
  102  6:12  Drone, Spore Crawler  
  102  6:13  Drone, Centrifugal Hooks  
  103  6:18  Drone x3  
  103  6:21  Drone, Zerg Ground Armor Level 1  
  103  6:24  Extractor  
  103  6:25  Extractor  
  105  6:26  Spore Crawler  
  105  6:27  Drone x2  
  105  6:30  Drone  
  105  6:31  Spore Crawler  
  106  6:33  Zerg Melee Weapons Level 1  
  106  6:34  Drone x2  
  106  6:35  Drone  
  106  6:38  Zergling x4  
  106  6:39  Zergling x2  
  112  6:42  Baneling x3  
  112  6:43  Baneling, Zergling x2  
  112  6:44  Zergling x2  
  112  6:45  Baneling  
  114  6:48  Baneling  
  114  6:50  Zergling x8  
  114  6:53  Overlord  
  118  6:58  Zergling x2  
  118  7:01  Drone  
  119  7:05  Drone x6  
  119  7:07  Drone  
  119  7:08  Drone x2, Hydralisk Den  
  127  7:09  Overlord  
  123  7:15  Drone  
  123  7:16  Drone  
  123  7:17  Zergling x2  
  123  7:21  Zergling x2  
  127  7:23  Zergling x2  
  127  7:29  Zergling x4  
  127  7:32  Zergling x2  
  130  7:37  Zergling x12  
  130  7:38  Baneling x11  
  130  7:41  Muscular Augments  
  134  7:44  Baneling x8  
  134  7:45  Hatchery, Zergling x4  
  134  7:48  Overlord  
  135  7:55  Zergling x14  
  135  7:57  Zergling x2  
  142  8:03  Drone  
  142  8:04  Drone x2  
  142  8:05  Infestation Pit  
  142  8:11  Zergling x6  
  143  8:13  Zergling x12  
  143  8:16  Zerg Ground Armor Level 2  
  143  8:19  Zergling x4  
  151  8:21  Overlord x2  
  151  8:26  Baneling x9, Zergling x2  
  151  8:27  Zergling x10  
  156  8:30  Zerg Melee Weapons Level 2  
  156  8:34  Zergling x6  
  156  8:37  Overlord  
  156  8:41  Hydralisk x2, Baneling x10  
  156  8:42  Zergling x6  
  156  8:44  Zergling x8  
  149  8:48  Hydralisk  
  149  8:49  Zergling x4  
  149  8:51  Hydralisk x2  
  149  8:52  Zergling x4  
  151  9:02  Hydralisk, Zergling x2  
  141  9:03  Zergling x4  
  141  9:04  Hydralisk  
  138  9:10  Zergling x6  
  138  9:11  Zergling x2  
  138  9:12  Zergling x4  
  144  9:19  Hydralisk  
  144  9:20  Zergling x14  
  144  9:22  Hydralisk  
  138  9:26  Zergling x2  
  138  9:29  Baneling x13  
  136  9:33  Zergling x2  
  136  9:34  Zergling x4  
  136  9:35  Zergling x2  
  136  9:36  Baneling x12  
  135  9:39  Drone x3  
  135  9:40  Zergling x2  
  135  9:43  Zergling x2  
  131  9:46  Hydralisk x2  
  131  9:47  Zergling x10  
  136  9:53  Zergling x2  
  136  9:57  Zergling x4  
  134  10:01  Baneling x11  
  134  10:03  Zergling x2  
  134  10:04  Zergling x4  
  137  10:09  Zergling x2  
  137  10:12  Zergling x2  
  139  10:14  Zergling x8  
  123  10:23  Hydralisk x2, Drone x3  
  128  10:35  Zergling x6  
  130  10:42  Hydralisk  
  123  10:43  Zergling x10  
  123  10:48  Zergling x8  
  122  10:50  Hatchery  
  122  10:53  Zergling x8  
  125  11:03  Zergling x4  
  125  11:04  Hatchery  
  120  11:15  Zergling x16  
  123  11:22  Baneling x10  
  123  11:27  Drone  
  123  11:30  Infestation Pit  
  123  11:31  Hydralisk  
  123  11:32  Hydralisk x2  
  129  11:35  Zergling x2  
  129  11:38  Zergling x2  
  131  11:42  Zergling x8  
  131  11:46  Zerg Missile Weapons Level 1  
  135  11:48  Hydralisk  
  135  11:51  Zergling x2  
  138  11:54  Baneling x4  
  138  11:56  Zergling x2  
  138  11:59  Zergling x2  
  140  12:04  Drone x4  
  140  12:06  Extractor  
  143  12:10  Hive  
  143  12:22  Zergling x16  
  147  12:24  Drone  
  148  12:43  Drone x4  
  152  12:46  Extractor  
  152  12:47  Zergling x28  
  165  12:53  Overlord  
  165  12:59  Drone x2  
  165  13:01  Spore Crawler  
  165  13:02  Hatchery, Overlord  
  165  13:03  Overlord  
  165  13:18  Zergling x16  
  173  13:23  Viper  
  173  13:24  Viper x3  
  180  13:28  Zergling x8  
  180  13:30  Baneling x10  
  180  13:31  Drone  
  180  13:33  Zergling x2  
  186  13:40  Zergling x18  
  190  13:42  Zergling x4  
  186  13:56  Zergling x12  
  186  13:57  Baneling x16  
  186  13:58  Zergling x2  
  193  14:05  Baneling x6  
  193  14:07  Zergling x6  
  193  14:08  Zergling x6  
  194  14:12  Zergling x6  
  194  14:13  Zergling x2  
  194  14:15  Zergling x4  
  198  14:19  Zergling x4  
  198  14:25  Zergling x2  
  198  14:27  Overlord x2  
  198  14:28  Overlord  
Show
View Real Time Build Order
Export as new Build Order

ByuN Terran 

Build Orders:  

Get SALT Encoding   

  12  0:00  SCV  
  13  0:12  SCV  
  14  0:17  Supply Depot  
  14  0:24  SCV  
  15  0:38  SCV  
  15  0:40  Barracks  
  16  0:43  Refinery  
  16  0:51  SCV  
  17  0:59  Barracks  
  17  1:03  SCV  
  18  1:15  SCV  
  19  1:26  Reaper  
  19  1:28  Orbital Command  
  20  1:35  Supply Depot  
  20  1:46  Reaper  
  21  1:53  SCV  
  22  2:02  Reaper  
  22  2:05  SCV  
  24  2:11  Command Center  
  24  2:17  SCV  
  24  2:20  Barracks Reactor  
  25  2:29  SCV, Supply Depot  
  26  2:34  Barracks Tech Lab  
  26  2:41  SCV  
  27  2:51  Command Center  
  27  2:54  Marine  
  27  2:57  SCV  
  29  3:04  Marine x2  
  31  3:07  Stimpack  
  31  3:11  SCV  
  32  3:15  Marine  
  33  3:22  Marine x2  
  33  3:24  Orbital Command  
  35  3:27  SCV  
  36  3:35  Marine  
  36  3:39  SCV  
  38  3:41  Marine  
  38  3:45  Marine  
  39  3:50  Refinery  
  39  3:51  SCV x2  
  39  3:54  Marine  
  42  3:59  Marine  
  43  4:02  Marine  
  43  4:03  SCV x2  
  43  4:04  Orbital Command  
  46  4:11  Marine  
  46  4:15  SCV x2  
  49  4:17  Marine  
  49  4:20  Marine  
  51  4:27  SCV  
  51  4:28  SCV  
  51  4:29  Marine  
  51  4:31  Factory  
  54  4:33  SCV  
  54  4:35  Marine  
  54  4:36  Refinery  
  56  4:38  Marine  
  56  4:39  SCV  
  56  4:40  SCV  
  56  4:45  SCV  
  60  4:50  Engineering Bay  
  60  4:51  Engineering Bay, SCV  
  60  4:52  SCV  
  62  4:53  Marine x2  
  62  4:55  Combat Shield  
  62  4:56  Marine  
  62  4:57  SCV  
  66  5:02  Supply Depot  
  66  5:04  SCV x2  
  68  5:09  SCV  
  69  5:14  Starport, Factory Reactor  
  69  5:18  Terran Infantry Weapons Level 1, Terran Infantry Armor Level 1  
  69  5:21  Supply Depot  
  69  5:23  Marine x3  
  69  5:26  SCV  
  74  5:30  Orbital Command  
  74  5:31  Refinery  
  73  5:38  Barracks, SCV x2  
  73  5:40  Barracks  
  73  5:42  Barracks  
  76  5:44  Marine  
  76  5:45  Marine x2  
  78  5:50  SCV x2  
  78  5:56  SCV  
  81  6:00  Medivac x2  
  85  6:08  Marine x2, SCV x2  
  85  6:09  SCV, Supply Depot  
  91  6:11  Supply Depot  
  91  6:12  Supply Depot  
  90  6:20  SCV x2  
  90  6:21  SCV, Barracks Reactor  
  93  6:27  Armory, Barracks Reactor x2, Supply Depot  
  93  6:28  Barracks Reactor  
  93  6:30  Marine, Supply Depot  
  93  6:31  Siege Tank  
  99  6:32  SCV x2  
  99  6:33  SCV  
  99  6:38  Marine  
  101  6:45  SCV x2  
  101  6:46  SCV, Medivac  
  101  6:47  Medivac, Supply Depot  
  108  6:48  Marine, Supply Depot  
  109  6:56  Marine  
  109  6:58  Marine x2  
  111  7:03  Siege Tank  
  111  7:06  Marine x5  
  111  7:07  Marine x2, Supply Depot  
  121  7:14  Marine  
  121  7:16  Marine x2, Medivac  
  121  7:18  Supply Depot  
  121  7:19  Supply Depot  
  121  7:22  Terran Infantry Weapons Level 2  
  125  7:24  Marine x3  
  125  7:25  SCV x2, Refinery  
  125  7:26  SCV  
  125  7:28  Marine  
  125  7:29  Marine x3  
  133  7:32  Marine  
  133  7:34  Marine x2  
  136  7:38  Siege Tank  
  136  7:42  Marine x3  
  142  7:46  Marine x4, Terran Infantry Armor Level 2, Supply Depot  
  142  7:49  Marine  
  147  7:57  Marine  
  148  7:59  Marine x3  
  148  8:00  Marine  
  148  8:01  Medivac x2  
  148  8:04  Marine  
  157  8:15  Barracks  
  157  8:16  Barracks x2  
  157  8:17  Marine  
  158  8:22  Marine x4  
  158  8:23  Marine, Siege Tank  
  158  8:24  Marine x4  
  166  8:29  Supply Depot  
  166  8:31  Terran Vehicle Weapons Level 1  
  166  8:35  Marine  
  166  8:40  Marine x3  
  170  8:42  Marine x2  
  170  8:44  Marine x4  
  171  8:53  Marine, Medivac  
  167  8:55  Siege Tank  
  167  8:58  Marine x3  
  167  8:59  Marine x2  
  167  9:02  Marine x4  
  149  9:11  Marine  
  149  9:14  Barracks Reactor  
  149  9:15  Marine, Barracks Reactor x2  
  149  9:16  Marine x2  
  150  9:17  Marine x2  
  150  9:19  Marine  
  150  9:20  Marine  
  150  9:21  Marine  
  150  9:23  Marine  
  141  9:27  Siege Tank  
  141  9:28  Marine  
  142  9:33  Marine x3  
  142  9:35  Marine x2  
  142  9:37  Marine  
  142  9:38  Marine x2  
  149  9:40  Terran Infantry Weapons Level 3  
  149  9:41  Marine  
  151  9:46  Marine  
  151  9:51  Marine x3  
  151  9:52  Marine x3  
  155  9:53  Marine x2, Medivac  
  155  9:54  Marine  
  155  9:55  Marine x2  
  155  9:57  Marine  
  155  9:59  Marine, Siege Tank  
  166  10:00  Marine x2  
  166  10:04  Marine  
  169  10:09  Marine x2  
  169  10:10  Marine  
  169  10:13  Marine  
  169  10:14  Marine  
  173  10:15  Marine  
  173  10:16  Marine  
  173  10:17  Marine x2  
  173  10:18  Marine  
  179  10:22  Marine  
  179  10:28  Terran Infantry Armor Level 3, Marine  
  172  10:30  Marine x2  
  172  10:31  Marine, Medivac  
  172  10:32  Siege Tank  
  172  10:33  Marine  
  180  10:38  Marine  
  180  10:39  Marine  
  180  10:41  Medivac  
  174  10:47  Marine x5  
  174  10:48  Marine  
  174  10:49  Marine x2  
  150  10:51  Marine x2  
  150  10:52  Marine x4  
  148  10:59  Marine  
  148  11:00  Marine  
  108  11:04  Marine  
  108  11:06  Marine  
  108  11:08  Marine x3  
  112  11:12  Orbital Command  
  112  11:14  Marine  
  112  11:15  Marine x4  
  117  11:19  Marine x3  
  117  11:21  Siege Tank  
  120  11:26  Marine  
  120  11:27  Marine x4  
  120  11:32  Marine x3  
  126  11:35  Marine  
  129  11:40  Marine x6  
  129  11:46  Marine  
  129  11:47  Marine x5  
  141  11:54  Marine x4  
  141  11:58  Marine x4, Siege Tank  
  141  12:00  Marine  
  153  12:02  Marine  
  153  12:04  Marine x2  
  153  12:07  Medivac x2  
  160  12:10  Marine  
  160  12:12  Marine  
  162  12:16  Marine  
  162  12:18  Marine  
  162  12:20  Marine x2  
  162  12:21  Marine  
  157  12:25  Marine x8  
  157  12:28  Marine  
  157  12:29  Marine  
  167  12:30  Marine, Siege Tank  
  167  12:34  Marine  
  167  12:36  Marine  
  173  12:38  Marine x2  
  173  12:39  Marine  
  173  12:43  Marine x8  
  184  12:46  Marine x2  
  184  12:48  Marine  
  187  12:52  Marine  
  187  12:54  Marine  
  189  13:22  Marine  
  189  13:37  Marine  
  189  13:52  Marine x3  
  189  13:53  Marine x7, Supply Depot  
  189  13:54  Supply Depot  
  189  14:09  Marine x3  
  189  14:15  Marine x8  
  189  14:16  Marine x3  
  200  14:21  Command Center  
  200  14:23  Marine, Command Center  
Tags
 
Add a new tag
Caveats
  • Supply blocks, unpowered buildings, or Contaminate may cause inaccurate times.
  • Supply counts are checked every 10 seconds.